 Dungeon Crawl Stone Soup version 0.20.1-1-g8b1a95d (webtiles) character file.

157 slep the Skirmisher (level 5, -2/43 HPs)
             Began as a Demonspawn Wanderer on Oct 22, 2017.
             Was a Believer of Cheibriados.
             Slain by a river rat (5 damage)
             ... in a sewer on Oct 23, 2017.
             The game lasted 00:15:06 (1863 turns).

slep the Skirmisher (Demonspawn Wanderer)           Turns: 1863, Time: 00:15:07

Health: -2/43      AC:  5    Str: 15    XL:     5   Next: 15%
Magic:  5/5        EV: 10    Int: 17    God:    Cheibriados [**....]
Gold:   109        SH:  0    Dex: 19    Spells: 4/4 levels left

rFire    . . .     SeeInvis +   p - +2 dagger (elec)
rCold    . . .     Gourm    .   (no shield)
rNeg     . . .     Faith    .   c - +0 ring mail
rPois    .         Spirit   .   y - +0 hat
rElec    .         Reflect  .   v - -1 cloak (curse)
rCorr    .         Harm     .   (no gloves)
MR       .....                  (no boots)
Stlth    +.........             (no amulet)
Regen    0.2/turn               t - +1 ring of slaying
MPRegen  0.1/turn               w - ring of see invisible

@: very slow
A: horns 1
a: Bend Time, Renounce Religion


You were in a sewer.
You worshipped Cheibriados.
Cheibriados was pleased with you.
You were not hungry.

You visited 1 branch of the dungeon, and saw 3 of its levels.
You also visited: Sewer.

You collected 109 gold pieces.

Inventory:

Hand Weapons
 e - a +0 dagger
 m - a +0 short sword
 p - a +2 dagger of electrocution (weapon)
Armour
 c - a +0 ring mail (worn)
 k - a +0 cloak
 v - a cursed -1 cloak (worn)
 y - a +0 hat (worn)
Jewellery
 t - a +1 ring of slaying (left hand)
 w - a ring of see invisible (right hand)
Scrolls
 a - 3 scrolls of fear
 g - a scroll of amnesia {unknown}
 h - 3 scrolls of remove curse {unknown}
 i - a scroll of magic mapping {unknown}
 j - 7 scrolls of identify {unknown}
 l - a scroll of enchant armour {unknown}
 r - 3 scrolls of teleportation {unknown}
 z - a scroll of fog {unknown}
 A - a scroll of blinking {unknown}
 B - a scroll of recharging {unknown}
Potions
 b - 2 potions of haste
 d - 2 potions of lignification
 n - a potion of berserk rage {unknown}
 o - a potion of brilliance {unknown}
 q - a potion of flight {unknown}
 u - a potion of degeneration {unknown}
Comestibles
 f - 5 bread rations
 s - 2 royal jellies
 x - 3 chunks of flesh


   Skills:
 + Level 4.8 Fighting
 + Level 2.4 Short Blades
 + Level 2.2 Armour
 + Level 0.5 Dodging
 + Level 2.1 Stealth
 + Level 2.0 Unarmed Combat
   Level 1.0 Evocations


You had 4 spell levels left.
You didn't know any spells.

Dungeon Overview and Level Annotations

Branches:
Dungeon (3/15)

Altars:
Cheibriados


Innate Abilities, Weirdness & Mutations

You have a pair of small horns on your head.


Message History

The river rat bites you. x2
* * * LOW HITPOINT WARNING * * *
The rat twitches its whiskers.
The river rat closely misses you.
The rat twitches its whiskers.
Why would you want to do that?
You enter the shallow water.
Moving in this stuff is going to be slow.
The river rat closely misses you. The river rat bites you.
* * * LOW HITPOINT WARNING * * *
The river rat bites you.
* * * LOW HITPOINT WARNING * * *
The river rat bites you.
* * * LOW HITPOINT WARNING * * *
The river rat bites you but does no damage.
The river rat barely misses you.
You enter the shallow water.
Moving in this stuff is going to be slow.
The river rat bites you.
You die... r

...####################
r....r≈≈≈r≈≈#≈≈≈≈≈≈≈..###
....≈≈≈≈≈r≈r.≈≈≈≈≈≈≈≈...##
....≈≈≈≈≈≈rr≈≈≈≈≈≈≈≈≈....##
.....≈≈≈≈≈.r.rr≈≈≈≈≈≈.....#
#....≈≈≈≈≈..r@≈≈≈≈≈≈......#
###.#≈≈≈≈≈#≈#≈≈≈≈≈≈≈#.....#
####################....#
####...## #..#....#
#..'....# #####...# ##...##
####################....#


You could see 4 river rats and 5 rats.

Vanquished Creatures
  Terence (D:2)
  4 adders
  A river rat (Sewer)
  2 worms
  3 dart slugs
  3 leopard geckos (D:2)
  2 giant cockroaches
  9 goblins
  6 hobgoblins
  5 kobolds
  6 ball pythons
  7 bats
  7 frilled lizards
  25 rats
81 creatures vanquished.

Notes
Turn   | Place    | Note
-------+----------+-------------------------------------------
     0 | D:1      | slep the Demonspawn Wanderer began the quest for the Orb.
     0 | D:1      | slep set off with: a scroll of fear, a potion of haste, a +0 ring mail, a potion of lignification, a +0 dagger, a bread ration
     0 | D:1      | Reached XP level 1. HP: 19/19 MP: 1/1
   254 | D:1      | Gained mutation: You have a pair of small horns on your head. [demonic ancestry]
   254 | D:1      | Reached XP level 2. HP: 22/25 MP: 2/2
   755 | D:2      | Reached XP level 3. HP: 31/31 MP: 3/3
   827 | D:2      | Reached skill level 1 in Short Blades
   830 | D:2      | Found a snail-covered altar of Cheibriados.
   861 | D:2      | Became a worshipper of Cheibriados the Contemplative
  1198 | D:2      | Noticed Terence
  1208 | D:2      | Killed Terence
  1208 | D:2      | Reached XP level 4. HP: 24/38 MP: 4/4
  1664 | D:3      | Reached * piety under Cheibriados
  1665 | D:3      | Found a glowing drain.
  1688 | Sewer    | Entered a sewer
  1792 | Sewer    | Reached ** piety under Cheibriados
  1792 | Sewer    | Reached XP level 5. HP: 43/43 MP: 5/5
  1863 | Sewer    | Slain by a river rat

Skill      XL: |  1  2  3  4 |
---------------+-------------+-----
Unarmed Combat | 2 |  2.0
Short Blades   | 1 2 |  2.4
Stealth        | 2 |  2.1
Armour         | 2 |  2.2
Fighting       | |  4.8
Dodging        | |  0.5
Evocations     | |  1.0

Action                   |  1- 3 |  4- 6 || total
-------------------------+-------+-------++-------
Melee: Dagger            |    52 |    82 ||   134
       Punch             |     3 |       ||     3
       Short sword       |    76 |       ||    76
       Headbutt          |    17 |    10 ||    27
 Stab: Sleeping          |     1 |       ||     1
  Eat: Chunk             |     1 |     3 ||     4
Armor: Ring mail         |    61 |    42 ||   103
Dodge: Dodged            |    65 |    56 ||   121
